 Dungeon Crawl Stone Soup version 0.20.1-1-g8b1a95d (webtiles) character file.

2209 Otwald the Cudgeler (level 9, -1/70 HPs)
             Began as a Black Draconian Venom Mage on Oct 24, 2017.
             Was an Initiate of Fedhas.
             Slain by a gnoll sergeant
             ... wielding a +4 spear of piercing
              (11 damage)
             ... on level 6 of the Dungeon.
             The game lasted 00:57:49 (8286 turns).

Otwald the Cudgeler (Black Draconian Venom Mage)    Turns: 8286, Time: 00:57:50

Health: -1/70      AC:  7    Str: 13    XL:     9   Next: 13%
Magic:  11/16      EV: 14    Int: 17    God:    Fedhas [......]
Gold:   313        SH:  0    Dex: 15    Spells: 7/17 levels left

rFire    x . .     SeeInvis .   n - +2 flail (crush)
rCold    + . .     Gourm    +   (no shield)
rNeg     + . .     Faith    .   (armour unavailable)
rPois    .         Spirit   .   (helmet restricted)
rElec    +         Reflect  .   (no cloak)
rCorr    .         Harm     .   (no gloves)
MR       +....                  (no boots)
Stlth    ++........             w - amulet of the gourmand
Regen    0.7/turn               p - ring of positive energy {Hello}
MPRegen  0.2/turn               y - ring of ice

@: drained
A: breathe lightning, unfitting armour, agile 2, magic resistance 1,
regeneration 1, electricity resistance, cold-blooded, MP-powered wands, AC +7
a: Breathe Lightning, Fungal Bloom, Renounce Religion


You were on level 6 of the Dungeon.
You worshipped Fedhas.
Fedhas was noncommittal.
You were not hungry.

You visited 2 branches of the dungeon, and saw 7 of its levels.
You also visited: Ossuary.

You collected 313 gold pieces.

Inventory:

Hand Weapons
 d - a +0 whip
 f - a +0 club
 g - a +0 short sword
 h - a +6 spear
 n - a +2 flail of crushing (weapon)
Missiles
 c - 2 poisoned javelins (quivered)
 q - 97 stones
Armour
 o - a +1 animal skin
Jewellery
 p - a ring of positive energy (left hand) {Hello}
 w - an amulet of the gourmand (around neck)
 y - a ring of ice (right hand)
 E - a +3 ring of dexterity
Scrolls
 i - 3 scrolls of identify
 j - 2 scrolls of teleportation
 k - 2 scrolls of remove curse
 r - 2 scrolls of enchant weapon
 t - a scroll of immolation
 v - 2 scrolls of fear
 z - 2 scrolls of fog
 C - a scroll of magic mapping
 D - 2 scrolls of enchant armour
 G - a scroll of blinking
Potions
 e - a potion of berserk rage
 u - 2 potions of lignification
 x - a potion of resistance {unknown}
 B - 2 potions of agility {unknown}
 F - a potion of brilliance
Books
 a - a Young Poisoner's Handbook

   Spells                             Type                      Level
   a - Sting                          Conjuration/Poison           1
   b - Poisonous Vapours              Poison/Air                   2
   c - Mephitic Cloud                 Conjuration/Poison/Air       3
   d - Olgreb's Toxic Radiance        Poison                       4
   e - Venom Bolt                     Conjuration/Poison           5
Comestibles
 b - 2 bread rations
 l - 5 fruits
 s - 3 royal jellies
 A - a meat ration


   Skills:
 + Level 3.5(3.3) Fighting
 + Level 1.2(0.9) Short Blades
 + Level 5.9(5.6) Maces & Flails
 + Level 4.4(4.1) Dodging
 + Level 3.6(3.3) Stealth
 + Level 4.7(4.5) Spellcasting
 + Level 1.2(0.9) Conjurations
 + Level 4.9(4.6) Air Magic
 + Level 5.4(5.1) Poison Magic


You had 7 spell levels left.
You knew the following spells:

 Your Spells              Type           Power        Failure   Level  Hunger
a - Sting                 Conj/Pois      ##..         4%          1    None
b - Poisonous Vapours     Pois/Air       ###...       3%          2    ##.....
c - Mephitic Cloud        Conj/Pois/Air  ###.....     10%         3    ###....
d - Olgreb's Toxic Radia  Pois           ###.....     19%         4    ####...


Dungeon Overview and Level Annotations

Branches:
Dungeon (6/15)             Temple (1/1) D:5

Altars:
Ashenzari
Cheibriados
Dithmenos
Elyvilon
Fedhas
Gozag
Hepliaklqana
Kikubaaqudgha
Makhleb
Nemelex Xobeh
Okawaru
Qazlal
Ru
Sif Muna
Trog
Uskayaw
Vehumet
Yredelemnul
Zin
The Shining One

Shops:
D:4 %


Innate Abilities, Weirdness & Mutations

You can breathe wild blasts of lightning.
Your glossy black scales are hard. (AC +7)
You cannot fit into any form of body armour.
You are resistant to electric shocks. (rElec)
You are cold-blooded and may be slowed by cold attacks.
You are very agile. (Dex +4)
You are resistant to hostile enchantments. (MR+)
Your natural rate of healing is unusually fast.
You expend magic power (3 MP) to strengthen your wands.


Message History

Your extra speed is starting to run out.
You start resting.
Casting: Poisonous Vapours
Confirm with . or Enter, or press ? or * to list all spells.
You don't know that spell.
Casting: Poisonous Vapours
Confirm with . or Enter, or press ? or * to list all spells.
Aiming: Poisonous Vapours
Press: ? - help, Dir - move target cursor, f - gnoll sergeant
Aim: a gnoll sergeant, wielding a spear of piercing, wearing a scale mail and wearing a buckler (heavily wounded) Poisonous vapours surround the gnoll sergeant!
You feel yourself slow down.
The gnoll sergeant is engulfed in poison gas.
The gnoll sergeant is poisoned.
The gnoll sergeant hits you from afar with a spear of piercing!
* * * LOW HITPOINT WARNING * * *
x2 The gnoll sergeant looks more healthy.
The gnoll sergeant hits you from afar with a spear of piercing!
You die...
Fedhas appreciates your contribution to the ecosystem.

.#..#.# >.o...# .#..#
....# ...## #########
.#.######.......########
.÷P)............#......#
.............##.#.####.#
..÷.....)..#..g.@...##.#
............g##.#.#.##.#
................#.#....#
##............#.#......#
#.....g..g##+#######.##
#.........# #.#
##.........# #.#
###..#..##.# #.#
###..#..#### #(#


You could see a gnoll sergeant and 2 gnolls.

Vanquished Creatures
  Grinder (D:5)
  Eustachio (D:4)
  Sigmund (D:3)
  A sky beast (D:5)
  A phantom (D:4)
  3 centaurs (D:5)
  Blork the orc (D:5)
  A bullfrog (D:6)
  A bullfrog zombie (D:5)
  2 crimson imps
  3 centaur zombies (Ossuary)
  2 orc priests
  A gnoll shaman (D:6)
  An iguana (D:6)
  5 orc wizards
  6 worker ants
  An ogre zombie (Ossuary)
  A hound zombie (D:5)
  2 hound skeletons
  2 mummies (Ossuary)
  18 gnolls
  9 adders
  2 oozes
  An adder zombie (Ossuary)
  An adder skeleton (D:5)
  8 worms
  2 dart slugs
  A leopard gecko (D:6)
  14 orcs
  A ball python (D:3)
  12 bats
  3 giant cockroaches
  8 hobgoblins
  10 jackals
  A quokka (D:2)
  4 frilled lizards
  9 goblins
  3 goblin zombies (Ossuary)
  3 hobgoblin zombies (Ossuary)
  9 kobolds
  5 kobold zombies (Ossuary)
  5 quokka zombies (Ossuary)
  9 rats
  7 rat zombies (Ossuary)
182 creatures vanquished.

Vanquished Creatures (collateral kills)
  A centaur zombie (Ossuary)
  5 mummies (Ossuary)
6 creatures vanquished.

Vanquished Creatures (others)
  14 toadstools (D:6)
14 creatures vanquished.

Grand Total: 202 creatures vanquished

Notes
Turn   | Place    | Note
-------+----------+-------------------------------------------
     0 | D:1      | Otwald the Draconian Venom Mage began the quest for the Orb.
     0 | D:1      | Reached XP level 1. HP: 14/14 MP: 3/3
   393 | D:1      | Reached XP level 2. HP: 18/20 MP: 1/5
   863 | D:1      | Learned a level 2 spell: Poisonous Vapours
  1499 | D:1      | Reached XP level 3. HP: 27/27 MP: 3/6
  2177 | D:2      | Learned a level 3 spell: Mephitic Cloud
  2304 | D:2      | Reached XP level 4. HP: 20/34 MP: 3/7
  2953 | D:2      | Reached skill level 1 in Short Blades
  3354 | D:2      | Reached skill level 1 in Fighting
  3354 | D:2      | Reached skill level 1 in Air Magic
  3447 | D:2      | Found a bloodstained altar of Trog.
  3903 | D:3      | Noticed Sigmund
  3928 | D:3      | Killed Sigmund
  3928 | D:3      | Reached skill level 1 in Maces & Flails
  3928 | D:3      | Reached XP level 5. HP: 28/40 MP: 4/9
  3928 | D:3      | Reached XP level 6. HP: 32/47 MP: 4/10
  4130 | D:3      | Learned a level 4 spell: Olgreb's Toxic Radiance
  4686 | D:3      | Gained mutation: You are resistant to hostile enchantments. (MR+) [potion of mutation]
  4686 | D:3      | Gained mutation: Your natural rate of healing is unusually fast. [potion of mutation]
  5247 | D:4      | Your scales start taking on a glossy black colour.
  5247 | D:4      | Reached XP level 7. HP: 34/53 MP: 12/12
  5247 | D:4      | Gained mutation: You are resistant to electric shocks. (rElec) [Black Draconian growth]
  5762 | D:4      | Noticed Eustachio
  5789 | D:4      | Killed Eustachio
  5882 | D:4      | Found Leutot's Food Shoppe.
  5994 | D:5      | Entered Level 5 of the Dungeon
  6016 | D:5      | Reached skill level 5 in Poison Magic
  6038 | D:5      | Gained mutation: You are agile. (Dex +2) [mutagenic meat]
  6039 | D:5      | Gained mutation: You expend magic power (3 MP) to strengthen your wands. [mutagenic meat]
  6040 | D:5      | Gained mutation: You are very agile. (Dex +4) [mutagenic meat]
  6074 | D:5      | Noticed Grinder
  6082 | D:5      | Paralysed by Grinder for 4 turns
  6101 | D:5      | Killed Grinder
  6101 | D:5      | Reached XP level 8. HP: 23/62 MP: 14/14
  6336 | D:5      | Found a glowing silver altar of Zin.
  6355 | D:5      | Found a sparkling altar of Nemelex Xobeh.
  6360 | D:5      | Became a worshipper of Nemelex Xobeh the Trickster
  6507 | D:5      | Noticed Blork the orc
  6520 | D:5      | Killed Blork the orc
  6578 | D:5      | Received a gift from Nemelex Xobeh
  6657 | D:5      | Found a sand-covered staircase.
  6676 | Ossuary  | Entered an ossuary
  7008 | Ossuary  | Reached skill level 5 in Maces & Flails
  7286 | D:5      | Found a staircase to the Ecumenical Temple.
  7308 | Temple   | Entered the Ecumenical Temple
  7500 | Temple   | Fell from the grace of Nemelex Xobeh
  7500 | Temple   | Became a worshipper of Fedhas Madash
  7589 | D:5      | Found a bloodstained altar of Trog.
  7658 | D:5      | Found a burning altar of Makhleb.
  7887 | D:6      | Reached XP level 9. HP: 64/70 MP: 12/15
  8228 | D:6      | HP: 3/70 [gnoll/halberd (7)]
  8286 | D:6      | Slain by a gnoll sergeant

Skill      XL: |  1  2  3  4  5  6  7  8 |
---------------+-------------------------+-----
Stealth        | 2 3 |  3.6
Dodging        | 2 3 4 |  4.4
Short Blades   | 1 |  1.2
Fighting       | 1 2 3 |  3.5
Air Magic      | 1 2 4 |  4.9
Maces & Flails | 1 3 5 |  5.9
Spellcasting   | 3 4 |  4.7
Poison Magic   | 4 5 |  5.4
Conjurations   | |  1.2

Action                   |  1- 3 |  4- 6 |  7- 9 || total
-------------------------+-------+-------+-------++-------
Melee: Whip              |    13 |       |       ||    13
       Unarmed           |     4 |       |       ||     4
       Tailslap          |     7 |     9 |    34 ||    50
       Club              |    43 |       |       ||    43
       Short sword       |    50 |    20 |       ||    70
       Flail             |       |    94 |   278 ||   372
Throw: Javelin           |     1 |       |       ||     1
 Cast: Sting             |    22 |     2 |       ||    24
       Poisonous Vapours |    18 |    54 |    56 ||   128
Invok: Fungal Bloom      |       |       |    14 ||    14
Evoke: Deck              |       |       |     4 ||     4
  Use: Scroll            |     4 |     5 |    11 ||    20
       Potion            |       |     8 |     3 ||    11
 Stab: Sleeping          |     1 |     1 |    13 ||    15
  Eat: Chunk             |     6 |    12 |    12 ||    30
       Bread ration      |       |       |     2 ||     2
       Fruit             |       |       |     1 ||     1
Armor: Skin              |    56 |    29 |    83 ||   168
Dodge: Dodged            |   115 |    67 |   232 ||   414
